 Dungeon Crawl Stone Soup version 0.28.0-53-g5a82cb258f (webtiles) character file.

Game seed: 16076169956142104032

10 nickcage the Gusty (level 2, -1/15 HPs)
             Began as a Deep Elf Air Elementalist on May 25, 2022.
             Succumbed to an adder's poison
             ... on level 2 of the Dungeon.
             The game lasted 00:01:54 (1103 turns).

nickcage the Gusty (Deep Elf Air Elementalist)      Turns: 1103, Time: 00:01:55

Health: -1/15      AC:  3    Str:  5    XL:     2   Next: 10%
Magic:  0/8        EV: 12    Int: 19    God:
Gold:   45         SH:  0    Dex: 15    Spells: 6/7 levels left

rFire   . . .      SeeInvis .   f - +0 whip
rCold   . . .      Faith    .   (no shield)
rNeg    . . .      Spirit   .   a - +0 robe
rPois   .          Reflect  .   (no helmet)
rElec   .          Harm     .   g - +0 cloak
rCorr   .          Rampage  .   (no gloves)
Will    .....                   (no boots)
Stlth   ++........              (no amulet)
HPRegen 0.05/turn               b - ring of wizardry
MPRegen 0.11/turn               (no ring)

@: lethally poisoned (-1 -> -5)
A: no striking features
a: no special abilities


You were on level 2 of the Dungeon.
You visited 1 branch of the dungeon, and saw 2 of its levels.

You collected 45 gold pieces.

Inventory:

Hand Weapons
 f - a +0 whip (weapon)
Armour
 a - a +0 robe (worn)
 g - a +0 cloak (worn)
Jewellery
 b - a ring of wizardry (left hand)
Potions
 c - a potion of curing {unknown}
 d - a potion of ambrosia {unknown}
 e - a potion of might {unknown}


   Skills:
 - Level 2.4 Dodging
 - Level 2.4 Stealth
 - Level 3.0 Spellcasting
 * Level 1.5 Conjurations
 + Level 3.4 Air Magic


You had 6 spell levels left.
You knew the following spells:

 Your Spells              Type           Power      Damage    Failure   Level
a - Shock                 Conj/Air       48%        1d6       2%          1

Your spell library contained the following spells:

 Spells                   Type           Power      Damage    Failure   Level
 Static Discharge         Conj/Air       12%        N/A       3%          2
 Swiftness                Air            16%        N/A       4%          3
 Sandblast                Erth           4%         2d4       6%          1
 Passwall                 Tmut/Erth      1%         N/A       9%          2
 Stone Arrow              Conj/Erth      10%        3d7       13%         3
 Airstrike                Air            8%         N/A       16%         4
 Gell's Gravitas          Tloc           2%         N/A       17%         3
 Lesser Beckoning         Tloc           2%         N/A       17%         3
 Teleport Other           Tloc           2%         N/A       17%         3


Dungeon Overview and Level Annotations

Branches:
Dungeon (2/15)

Altars:


Message History

The zap misses the adder.
The adder barely misses you. The adder completely misses you.
The zap misses the adder.
The adder misses you.
The zap misses the adder.
The adder bites you.
The zap misses the adder.
The adder bites you. The adder closely misses you.
You hit the adder.
The adder is heavily wounded.
The adder barely misses you.
Your magical contamination has completely faded away.
The zap misses the adder.
The adder closely misses you.
You barely miss the adder.
The adder is heavily wounded.
The adder closely misses you. The adder barely misses you.
You hit the adder.
The adder is severely wounded.
The adder bites you.
You are poisoned.
The adder poisons you!
You closely miss the adder.
The adder is severely wounded.
You feel sick. The adder bites you.
* * * LOW HITPOINT WARNING * * *
The adder closely misses you.
You miss the adder.
The adder is severely wounded.
You feel sick. The adder closely misses you.
You hit the adder but do no damage.
The adder is severely wounded.
You feel sick.
You are no longer poisoned.
The adder barely misses you. The adder bites you but does no damage.
You barely miss the adder.
The adder is severely wounded.
The adder bites you.
* * * LOW HITPOINT WARNING * * *
You are lethally poisoned!
The adder poisons you!
You barely miss the adder.
The adder is severely wounded.
You die...

### ..
#.######
#......#
......#
#.....#
#.....#
#.@...#
#.S...#
#)........
...†..!...
(..(#......
##...#......
#..........
...........


You could see an adder.

Vanquished Creatures
  An endoplasm (D:1)
  A giant cockroach (D:1)
  A goblin (D:2)
  A hobgoblin (D:2)
  A kobold (D:2)
  3 bats (D:1)
  A frilled lizard (D:1)
  A rat (D:1)
10 creatures vanquished.

Notes
Turn   | Place    | Note
-------+----------+-------------------------------------------
     0 | D:1      | nickcage the Deep Elf Air Elementalist began the quest for
                  | the Orb.
     0 | D:1      | Reached XP level 1. HP: 10/10 MP: 6/6
  1017 | D:2      | Reached XP level 2. HP: 15/15 MP: 1/8
  1103 | D:2      | Succumbed to an adder's poison

Illustrated notes

Levels and vault maps discovered:
D:1:      dpeg_arrival_orchard, layout_loops_corners, chequers_arboretum
D:2:      layout_basic, serial_shops, nicolae_shop_statue_plus,
          dreamdust_ecumenical_altar_hidden_monk_grotto, uniq_natasha

Action                   || total
-------------------------++-------
Melee: Whip              ||     8
 Cast: Shock             ||    27
Armor: Robe              ||     1
Dodge: Dodged            ||    11
